 Dungeon Crawl Stone Soup version 0.23.2-1-ga50397a (webtiles) character file.

Game seed: 299212878097307083

19 Iscandelvey the Vexing (level 2, 13/21 HPs)
             Began as a Demonspawn Arcane Marksman on May 2, 2019.
             Quit the game on level 1 of the Dungeon.
             The game lasted 00:00:52 (986 turns).

Iscandelvey the Vexing (Demonspawn Arcane Marksman)  Turns: 986, Time: 00:00:53

Health: 13/21      AC:  4    Str: 10    XL:     2   Next: 55%
Magic:  3/3        EV: 12    Int: 14    God:
Gold:   64         SH:  0    Dex: 13    Spells: 2/3 levels left

rFire    . . .     SeeInvis .   a - +0 hand crossbow
rCold    . . .     Gourm    +   (no shield)
rNeg     . . .     Faith    .   e - +0 robe
rPois    .         Spirit   .   (no helmet)
rElec    .         Reflect  .   (no cloak)
rCorr    .         Harm     .   (no gloves)
MR       .....                  (no boots)
Stlth    +.........             m - amulet of the gourmand
HPRegen  0.07/turn              j - ring of wizardry
MPRegen  0.08/turn              (no ring)

@: no status effects
A: molten scales 1
a: no special abilities


You were on level 1 of the Dungeon.
You were not hungry.

You visited 1 branch of the dungeon, and saw 2 of its levels.

You collected 64 gold pieces.

Inventory:

Hand Weapons
 a - a +0 hand crossbow (weapon)
Missiles
 d - 10 bolts (quivered)
Armour
 e - a +0 robe (worn)
Jewellery
 j - a ring of wizardry (left hand)
 l - an uncursed amulet of rage
 m - an amulet of the gourmand (around neck)
Scrolls
 b - 2 scrolls of identify {unknown}
 c - a scroll of amnesia {unknown}
 g - a scroll of teleportation {unknown}
 h - 2 scrolls of remove curse {unknown}
 k - a scroll of fear {unknown}
Potions
 i - 2 potions of curing {unknown}
 n - a potion of magic {unknown}
Comestibles
 f - 5 rations


   Skills:
 + Level 1.0 Fighting
 + Level 2.2 Crossbows
 + Level 2.0 Dodging
 + Level 0.2 Stealth
 + Level 1.0 Spellcasting
 + Level 3.4 Hexes


You had 2 spell levels left.
You knew the following spells:

 Your Spells              Type           Power        Failure   Level  Hunger
a - Corona                Hex            ##.....      2%          1    ##.....

Your spell library contained the following spells:

 Spells                   Type           Power        Failure   Level  Hunger
 Slow                     Hex            ##......     4%          2    ###....
 Inner Flame              Hex/Fire       #.......     16%         3    ####...
 Portal Projectile        Hex/Tloc       #.....       16%         3    ####...
 Cause Fear               Hex            ##........   26%         4    #####..
 Leda's Liquefaction      Hex/Erth       #.........   45%         4    #####..


Dungeon Overview and Level Annotations

Branches:
Dungeon (2/15)

Altars:


Innate Abilities, Weirdness & Mutations

You are partially covered in molten scales. (AC +2)


Message History

The orc wizard gestures wildly while chanting.
The orc wizard seems to speed up.
The orc wizard mumbles some strange words.
The orc wizard blinks!
The orc wizard gestures wildly while chanting.
The orc wizard blinks!
There is a stone staircase leading up here.
You climb upwards.
There is a stone staircase leading down here.
Put on which piece of jewellery? (? for menu, Esc to quit)
l - an amulet of rage (around neck) Put on which piece of jewellery? (? for menu, Esc to quit)
You remove your amulet of rage.
You feel a craving for the dungeon's cuisine.
m - an amulet of the gourmand (around neck) Put on which piece of jewellery? (? for menu, Esc to quit)
j - a ring of wizardry (left hand) Wear which item? (? for menu, Esc to quit)
Okay, then.
Are you sure you want to abandon this character and quit the game? (Confirm with "yes".)

#############
#........)..#
#.#########.# #@#
#.# #.#
######.###### #.#
#............ #.#
#...##.##(###
#.####...##.##.#
#.#.......).[..###
#............#....
###..........#####
####...###.#


There were no monsters in sight!

Vanquished Creatures
  A dart slug (D:1)
  A ball python (D:1)
  A bat (D:1)
  A giant cockroach (D:2)
  3 goblins
  A hobgoblin (D:1)
  5 kobolds (D:1)
  5 rats
18 creatures vanquished.

Notes
Turn   | Place    | Note
-------+----------+-------------------------------------------
     0 | D:1      | Iscandelvey the Demonspawn Arcane Marksman began the quest
                  | for the Orb.
     0 | D:1      | Reached XP level 1. HP: 15/15 MP: 2/2
   273 | D:1      | Gained mutation: You are partially covered in molten
                  | scales. (AC +2) [demonic ancestry]
   273 | D:1      | Reached XP level 2. HP: 21/21 MP: 3/3
   968 | D:2      | Noticed an orc warrior
   986 | D:1      | Quit the game

Skill      XL: |  1 |
---------------+----+-----
Dodging        | 2 |  2.0
Crossbows      | 2 |  2.2
Fighting       | |  1.0
Stealth        | |  0.2
Spellcasting   | |  1.0
Hexes          | |  3.4

Action                   || total
-------------------------++-------
 Fire: Hand crossbow     ||    36
Dodge: Dodged            ||    12
